 Dungeon Crawl Stone Soup version 0.19.0-16-g73b5abf (webtiles) character file.

523 IcyTea the Basher (level 7, -2/66 HPs)
             Began as an Ogre Hunter on Nov 10, 2016.
             Slain by an orc
             ... wielding a +0 flail
              (4 damage)
             ... on level 4 of the Dungeon.
             The game lasted 00:10:21 (4367 turns).

IcyTea the Basher (Ogre Hunter)                     Turns: 4367, Time: 00:10:22

Health: -2/66      AC:  5    Str: 19    XL:     7   Next: 22%
Magic:  7/7        EV: 10    Int: 11    God:
Gold:   181        SH:  0    Dex: 10    Spells: 1 memorised, 3 levels left

rFire  . . .     SeeInvis .     a - +0 giant spiked club
rCold  . . .     Gourm    .     b - +0 robe
rNeg   + . .     Faith    .     (shield currently unavailable)
rPois  .         Spirit   .     (helmet restricted)
rElec  .         Reflect  .     n - +1 cloak
rCorr  .         Harm     .     (gloves unavailable)
MR     .....                    (boots unavailable)
Stlth  +.........               (no amulet)
                                (no ring)
                                i - ring of positive energy

@: no status effects
A: unfitting armour, blurry vision 1, deterioration 1, tough skin 1, subdued
magic 1
a: no special abilities


You were on level 4 of the Dungeon.
You were not hungry.

You visited 1 branch of the dungeon, and saw 4 of its levels.

You collected 181 gold pieces.

Inventory:

Hand Weapons
 a - a +0 giant spiked club (weapon)
Missiles
 c - 4 large rocks (quivered)
 d - a throwing net
Armour
 b - a +0 robe (worn)
 n - a +1 cloak (worn)
Jewellery
 i - a ring of positive energy (left hand)
Wands
 k - a wand of lightning (5/15)
Scrolls
 g - 5 scrolls of identify
 l - 2 scrolls of enchant armour
 m - 2 scrolls of immolation
 o - a scroll of remove curse
Potions
 e - a potion of cure mutation {unknown}
 p - a potion of magic {unknown}
Comestibles
 f - 2 bread rations
 h - 7 meat rations
 j - a chunk of flesh


   Skills:
 - Level 2.6 Fighting
 + Level 9.4 Maces & Flails
 - Level 4.2 Throwing
 - Level 1.7 Dodging
 - Level 0.6 Stealth


You had 3 spell levels left.
You knew the following spells:

 Your Spells              Type           Power        Failure   Level  Hunger
a - Conjure Flame         Conj/Fire      #.......     88%         3    ####...


Dungeon Overview and Level Annotations

Branches:
Dungeon (4/15)
 Temple: D:4-7

Altars:


Innate Abilities, Weirdness & Mutations

You are too large for most types of armour.
You have tough skin. (AC +1)
Scrolls take you a little longer to read.
Your body sometimes deteriorates upon taking damage.
Your spells are a little easier to cast, but a little less powerful.


Message History

The magic dart hits you!
* * * LOW HITPOINT WARNING * * *
The orc hits you but does no damage.
You closely miss the orc wizard.
The orc wizard is almost dead.
The orc wizard completely misses you. The orc barely misses you.
The orc wizard casts a spell.
The orc wizard flickers and vanishes!
Deactivating autopickup; reactivate with Ctrl-A.
Things that are here:
a dagger; a robe Throwing (i - inventory. (,) - cycle):
c - 5 large rocks (quivered)
Press: ? - help, Shift-Dir - straight line, f - orc
Aim: an orc, wielding a flail You throw a large rock.
The large rock closely misses the orc.
The orc barely misses you.
You completely miss something. The orc hits you with a flail!
* * * LOW HITPOINT WARNING * * *
Something hits you but does no damage. x2; The orc hits you with a flail.
You die...

#.# ### ##.#####.......
.<# #..........##.# #.#
#.########.##.# #.#
##.## #.##.# #.#
#...#### #.##.# ##.##
..#....# #.##.# #...#
#...##.####.##.###...###
##.#.>......#...@o....(#
##.#.#.####..†#..{.....#
.....#.# #.#..........#
...###.# #.##.###....##
.### #.# #.##.# #..>.#
.# #.# #.##.# #.##.# )#
#.# #.##.# #[##.# .# #.#
#.##.# #.##.# .#####.#
#. ...


You could see an orc.

Vanquished Creatures
  An ogre (D:4)
  A scorpion (D:4)
  A hound (D:4)
  A centaur skeleton (D:4)
  3 orc wizards (D:4)
  5 worker ants (D:4)
  7 adders
  An ooze (D:1)
  2 dart slugs
  A leopard gecko (D:3)
  2 orcs (D:4)
  3 giant cockroaches
  3 goblins
  8 hobgoblins
  A kobold (D:1)
  A quokka (D:3)
  3 ball pythons (D:3)
  11 bats
  5 frilled lizards
  6 rats
66 creatures vanquished.

Vanquished Creatures (others)
  A dart slug (D:1)
1 creature vanquished.

Grand Total: 67 creatures vanquished

Notes
Turn   | Place    | Note
-------+----------+-------------------------------------------
     0 | D:1      | IcyTea the Ogre Hunter began the quest for the Orb.
     0 | D:1      | Reached XP level 1. HP: 22/22 MP: 1/1
   464 | D:1      | Reached skill level 1 in Maces & Flails
   464 | D:1      | Reached XP level 2. HP: 29/29 MP: 2/2
   516 | D:1      | Reached skill level 2 in Maces & Flails
  1234 | D:2      | Reached XP level 3. HP: 36/36 MP: 3/3
  1289 | D:2      | Reached skill level 3 in Maces & Flails
  1863 | D:2      | Reached skill level 4 in Maces & Flails
  2134 | D:3      | Gained mutation: Your spells are a little easier to cast, but a little less powerful. [potion of mutation]
  2134 | D:3      | Gained mutation: Scrolls take you a little longer to read. [potion of mutation]
  2134 | D:3      | Gained mutation: Your body sometimes deteriorates upon taking damage. [potion of mutation]
  2145 | D:3      | Reached XP level 4. HP: 39/44 MP: 4/4
  2404 | D:3      | Learned a level 3 spell: Conjure Flame
  2986 | D:3      | Reached skill level 5 in Maces & Flails
  2999 | D:4      | Reached XP level 5. HP: 38/50 MP: 5/5
  3027 | D:4      | Reached skill level 6 in Maces & Flails
  3492 | D:4      | Noticed an ogre
  3494 | D:4      | Killed an ogre
  3494 | D:4      | Reached skill level 7 in Maces & Flails
  3494 | D:4      | Reached XP level 6. HP: 59/59 MP: 6/6
  3767 | D:4      | Reached skill level 8 in Maces & Flails
  4006 | D:4      | Reached skill level 9 in Maces & Flails
  4006 | D:4      | Reached XP level 7. HP: 21/66 MP: 7/7
  4367 | D:4      | HP: 2/66 [orc/flail (9)]
  4367 | D:4      | Slain by an orc

Skill      XL: |  1  2  3  4  5  6 |
---------------+-------------------+-----
Maces & Flails | 1 2 4 5 7 9 |  9.4
Fighting       | |  2.6
Throwing       | |  4.2
Dodging        | |  1.7
Stealth        | |  0.6

Action                   |  1- 3 |  4- 6 |  7- 9 || total
-------------------------+-------+-------+-------++-------
Melee: Short sword       |    21 |       |       ||    21
       Club              |    51 |       |       ||    51
       Mace              |    42 |    75 |       ||   117
       Giant spiked club |       |    33 |    20 ||    53
Throw: Large rock        |     3 |     9 |     1 ||    13
       Throwing net      |       |     2 |       ||     2
  Use: Scroll            |     4 |     3 |       ||     7
       Potion            |     3 |     1 |       ||     4
 Stab: Sleeping          |     1 |     6 |       ||     7
  Eat: Chunk             |     4 |     5 |     2 ||    11
Armor: Robe              |    52 |    31 |     7 ||    90
Dodge: Dodged            |    79 |    67 |    10 ||   156
